 Dungeon Crawl Stone Soup version 0.21.1-1-g345015f (webtiles) character file.

182 tidbits the Insei (level 5, -4/41 HPs)
             Began as a Gnoll Transmuter on Feb 7, 2018.
             Slain by an ogre
             ... wielding a +0 giant spiked club
              (28 damage)
             ... on level 4 of the Dungeon.
             The game lasted 00:04:09 (450 turns).

tidbits the Insei (Gnoll Transmuter)                 Turns: 450, Time: 00:04:10

Health: -4/41      AC:  2    Str: 12    XL:     5   Next: 62%
Magic:  3/12       EV: 24    Int: 16    God:
Gold:   48         SH:  0    Dex: 21    Spells: 8/14 levels left

rFire    . . .     SeeInvis .     - Unarmed
rCold    + . .     Gourm    .   (shield currently unavailable)
rNeg     . . .     Faith    .   (armour currently unavailable)
rPois    x         Spirit   .   (helmet currently unavailable)
rElec    .         Reflect  .   (cloak currently unavailable)
rCorr    .         Harm     .   (gloves currently unavailable)
MR       .....                  (boots currently unavailable)
Stlth    ++........             (no amulet)
HPRegen  0.13/turn              o - ring of protection from cold
MPRegen  0.13/turn              (no ring)

@: spider-form (expiring)
A: tiny, distributed training, strong nose
a: End Transformation


You were on level 4 of the Dungeon.
You were not hungry.
You were a venomous arachnid creature.
You visited 1 branch of the dungeon, and saw 4 of its levels.

You collected 48 gold pieces.

Inventory:

Hand Weapons
 h - a +0 dagger
 p - a +0 hunting sling
 s - a +0 rapier
Missiles
 a - 37 arrows
 f - a stone (quivered)
 r - 5 javelins
Armour
 b - a +0 robe (melded)
Jewellery
 o - a ring of protection from cold (left front leg)
   (You took it off a kobold on level 3 of the Dungeon)
Scrolls
 e - a scroll of teleportation {unknown}
 k - 2 scrolls of identify {unknown}
 l - a scroll of enchant armour {unknown}
 m - a scroll of blinking {unknown}
 q - a scroll of remove curse {unknown}
Potions
 g - a potion of agility {unknown}
 i - a potion of lignification {unknown}
 j - 4 potions of haste {unknown}
 n - a potion of curing {unknown}
Books
 c - a book of Changes

   Spells                             Type                      Level
   a - Beastly Appendage              Transmutation                1
   b - Sticks to Snakes               Transmutation                2
   c - Spider Form                    Transmutation/Poison         3
   d - Ice Form                       Ice/Transmutation            4
   e - Blade Hands                    Transmutation                5
Comestibles
 d - 2 rations


   Skills:
 + Level 3.0 Fighting
 + Level 1.5 Short Blades
 + Level 1.5 Long Blades
 + Level 1.5 Axes
 + Level 1.5 Maces & Flails
 + Level 1.5 Polearms
 + Level 1.5 Staves
 + Level 1.5 Slings
 + Level 1.5 Bows
 + Level 1.5 Crossbows
 + Level 1.5 Throwing
 + Level 1.5 Armour
 + Level 4.8 Dodging
 + Level 1.5 Stealth
 + Level 1.5 Shields
 + Level 6.7 Unarmed Combat
 + Level 5.2 Spellcasting
 + Level 1.2 Conjurations
 + Level 1.2 Hexes
 + Level 1.2 Charms
 + Level 1.2 Summonings
 + Level 1.2 Necromancy
 + Level 1.2 Translocations
 + Level 4.0 Transmutations
 + Level 1.2 Fire Magic
 + Level 1.2 Ice Magic
 + Level 1.2 Air Magic
 + Level 1.2 Earth Magic
 + Level 1.2 Poison Magic
 + Level 1.7 Invocations
 + Level 1.5 Evocations


You had 8 spell levels left.
You knew the following spells:

 Your Spells              Type           Power        Failure   Level  Hunger
e - Beastly Appendage     Tmut           ###...       10%         1    None
k - Sticks to Snakes      Tmut           ###.....     13%         2    #......
p - Spider Form           Tmut/Pois      ##........   34%         3    ###....


Dungeon Overview and Level Annotations

Branches:
Dungeon (4/15)
 Temple: D:4-7

Altars:
Ashenzari


Innate Abilities, Weirdness & Mutations

Your experience applies equally to all skills.
((You have very sharp teeth.))
Your uncanny sense of smell can sniff out nearby items.


Message History

Your +0 robe melds into your body.
The shadow imp misses you. The white imp completely misses you.
Your ball python barely misses Eustachio.
Your ball python grabs Eustachio.
Your ball python constricts Eustachio.
Unknown command.
You hit Eustachio.
Eustachio looks as sick as possible!
Eustachio is almost dead.
Eustachio gestures wildly while chanting.
Eustachio struggles to blink free from constriction.
Your ball python barely misses Eustachio.
Your ball python constricts Eustachio.
The shadow imp closely misses you. The white imp misses you.
You bite Eustachio!
You kill Eustachio!
The shadow imp disappears in a puff of smoke!
The white imp disappears in a puff of smoke!
Your Fighting skill increases to level 3!
Your Short Blades skill increases to level 1!
Your Long Blades skill increases to level 1!
Your Axes skill increases to level 1!
Your Maces & Flails skill increases to level 1!
Your Polearms skill increases to level 1!
Your Staves skill increases to level 1!
Your Slings skill increases to level 1!
Your Bows skill increases to level 1!
Your Crossbows skill increases to level 1!
Your Throwing skill increases to level 1!
Your Armour skill increases to level 1!
Your Stealth skill increases to level 1!
Your Shields skill increases to level 1!
Your Conjurations skill increases to level 1!
Your Hexes skill increases to level 1!
Your Charms skill increases to level 1!
Your Summonings skill increases to level 1!
Your Necromancy skill increases to level 1!
Your Translocations skill increases to level 1!
Your Transmutations skill increases to level 4!
Your Fire Magic skill increases to level 1!
Your Ice Magic skill increases to level 1!
Your Air Magic skill increases to level 1!
Your Earth Magic skill increases to level 1!
Your Poison Magic skill increases to level 1!
Your Invocations skill increases to level 1!
Your Evocations skill increases to level 1!
You have reached level 4!
You feel agile.
You have reached level 5!
Things that are here:
a rapier; a leather armour; the human corpse of Eustachio
s - a rapier Your transformation is almost over.
There is a stone staircase leading up here.
You climb upwards.
Your summoned ally is left behind.
You hear the sound of rushing water.
There is an entrance to a sewer on this level.
Hurry and find it before the portal rusts away!
You hear the brisk rusting of a distant drain.
There is a stone staircase leading down here.
Your transformation has ended.
Your +0 robe unmelds from your body.
You see here a bubbling purple potion.
j - 4 bubbling purple potions (gained 1)
You open the door.
Found 21 gold pieces.
There is an open door here.
You see here 10 gold pieces.
You now have 37 gold pieces (gained 10).
You see here 11 gold pieces.
You now have 48 gold pieces (gained 11).
You open the door.
There is an open door here.
There is a stone staircase leading down here.
You climb downwards.
An adder comes into view.
Found a murky cyan potion.
Found a shattered altar of Ashenzari.
Found a stone staircase leading down.
There is a stone staircase leading up here.
Casting: Spider Form
Confirm with . or Enter, or press ? or * to list all spells.
You turn into a venomous arachnid creature.
Your +0 robe melds into your body.
Found 7 tomahawks.
The helpless adder fails to defend itself.
You bite the adder!
You kill the adder!
Found 21 gold pieces.
Unknown command.
An ogre comes into view. It is wielding a giant spiked club.
The ogre shouts!
There is a stone staircase leading down here.
Casting: Spider Form
Confirm with . or Enter, or press ? or * to list all spells.
You create a snake!
You now have 38 arrows.
Unknown command.
Casting: Sticks to Snakes
Confirm with . or Enter, or press ? or * to list all spells.
You create a snake!
You now have 37 arrows.
Your transformation is almost over.
You hit the ogre.
The ogre is poisoned.
The ogre is lightly wounded.
The ogre hits you with a giant spiked club!!
Ouch! That really hurt!
You die...

.. .## # ..# .#
..## .# #..##..#
######..S$..#
##...........#
##......sO....#
##......>S#....#
#.†............#
#.........!....#
#...............#
#.......###..##..
#..<....###..# #
####....###..#
##....#..##


You could see an ogre and 2 friendly ball pythons.

Vanquished Creatures
  Eustachio (D:4)
  2 adders
  An ooze (D:1)
  A worm (D:3)
  An orc (D:3)
  5 goblins
  A hobgoblin (D:3)
  3 kobolds
  2 quokkas
  A frilled lizard (D:3)
  2 rats (D:3)
20 creatures vanquished.

Vanquished Creatures (collateral kills)
  A giant cockroach (D:2)
  A frilled lizard (D:2)
2 creatures vanquished.

Grand Total: 22 creatures vanquished

Notes
Turn   | Place    | Note
-------+----------+-------------------------------------------
     0 | D:1      | tidbits the Gnoll Transmuter began the quest for the Orb.
     0 | D:1      | Reached XP level 1. HP: 17/17 MP: 6/6
    53 | D:1      | Reached XP level 2. HP: 10/23 MP: 7/7
    57 | D:1      | Learned a level 2 spell: Sticks to Snakes
   197 | D:3      | Reached XP level 3. HP: 22/28 MP: 6/9
   208 | D:3      | Reached skill level 5 in Spellcasting
   215 | D:3      | Learned a level 3 spell: Spider Form
   367 | D:4      | Noticed Eustachio
   376 | D:4      | Killed Eustachio
   376 | D:4      | Reached skill level 3 in Fighting
   376 | D:4      | Reached skill level 1 in Short Blades
   376 | D:4      | Reached skill level 1 in Long Blades
   376 | D:4      | Reached skill level 1 in Axes
   376 | D:4      | Reached skill level 1 in Maces & Flails
   376 | D:4      | Reached skill level 1 in Polearms
   376 | D:4      | Reached skill level 1 in Staves
   376 | D:4      | Reached skill level 1 in Slings
   376 | D:4      | Reached skill level 1 in Bows
   376 | D:4      | Reached skill level 1 in Crossbows
   376 | D:4      | Reached skill level 1 in Throwing
   376 | D:4      | Reached skill level 1 in Armour
   376 | D:4      | Reached skill level 1 in Stealth
   376 | D:4      | Reached skill level 1 in Shields
   376 | D:4      | Reached skill level 1 in Conjurations
   376 | D:4      | Reached skill level 1 in Hexes
   376 | D:4      | Reached skill level 1 in Charms
   376 | D:4      | Reached skill level 1 in Summonings
   376 | D:4      | Reached skill level 1 in Necromancy
   376 | D:4      | Reached skill level 1 in Translocations
   376 | D:4      | Reached skill level 4 in Transmutations
   376 | D:4      | Reached skill level 1 in Fire Magic
   376 | D:4      | Reached skill level 1 in Ice Magic
   376 | D:4      | Reached skill level 1 in Air Magic
   376 | D:4      | Reached skill level 1 in Earth Magic
   376 | D:4      | Reached skill level 1 in Poison Magic
   376 | D:4      | Reached skill level 1 in Invocations
   376 | D:4      | Reached skill level 1 in Evocations
   376 | D:4      | Reached XP level 4. HP: 12/35 MP: 0/11
   376 | D:4      | Reached XP level 5. HP: 14/41 MP: 0/12
   436 | D:4      | Found a shattered altar of Ashenzari.
   445 | D:4      | Noticed an ogre
   450 | D:4      | Slain by an ogre

Skill      XL: |  1  2  3 |
---------------+----------+-----
Spellcasting   | 5 |  5.2
Fighting       | 3 |  3.0
Short Blades   | 1 |  1.5
Long Blades    | 1 |  1.5
Axes           | 1 |  1.5
Maces & Flails | 1 |  1.5
Polearms       | 1 |  1.5
Staves         | 1 |  1.5
Slings         | 1 |  1.5
Bows           | 1 |  1.5
Crossbows      | 1 |  1.5
Throwing       | 1 |  1.5
Armour         | 1 |  1.5
Stealth        | 1 |  1.5
Shields        | 1 |  1.5
Conjurations   | 1 |  1.2
Hexes          | 1 |  1.2
Charms         | 1 |  1.2
Summonings     | 1 |  1.2
Necromancy     | 1 |  1.2
Translocations | 1 |  1.2
Transmutations | 4 |  4.0
Fire Magic     | 1 |  1.2
Ice Magic      | 1 |  1.2
Air Magic      | 1 |  1.2
Earth Magic    | 1 |  1.2
Poison Magic   | 1 |  1.2
Invocations    | 1 |  1.7
Evocations     | 1 |  1.5
Dodging        | |  4.8
Unarmed Combat | |  6.7

Action                   |  1- 3 |  4- 6 || total
-------------------------+-------+-------++-------
Melee: Unarmed           |    36 |     2 ||    38
       Kick              |     3 |       ||     3
       Punch             |     1 |       ||     1
       Bite              |     1 |       ||     1
 Cast: Beastly Appendage |     7 |       ||     7
       Sticks to Snakes  |     6 |     2 ||     8
       Spider Form       |     5 |     1 ||     6
 Stab: Sleeping          |     2 |     1 ||     3
Armor: Robe              |     2 |       ||     2
Dodge: Dodged            |    16 |       ||    16

Table legend:
 A = Turns spent in this place as a percentage of turns spent in the entire game.
 B = Non-inter-level travel turns spent in this place as a percentage of non-inter-level travel turns spent in the entire game.
 C = Inter-level travel turns spent in this place as a percentage of turns spent in this place.
 D = Turns resting spent in this place as a percentage of non-inter-level travel turns spent in this place.
 E = Turns spent auto-exploring this place as a percentage of non-inter-level travel turns spent in this place.
 F = Non-inter-level travel turns spent in this place divided by the number of levels of this place that you've seen.
                   A       B       C       D       E      F
               +-------+-------+-------+-------+-------+----------------------
         Total | 100.0 | 100.0 |   0.0 |   0.0 |   0.0 | 112.5
       Dungeon | 100.0 | 100.0 |   0.0 |   0.0 |   0.0 | 112.5
               +-------+-------+-------+-------+-------+----------------------

Table legend:
 A = Kills in this place as a percentage of kills in entire the game.
 B = Kills by you in this place as a percentage of kills by you in the entire game.
 C = Kills by friends in this place as a percentage of kills by friends in the entire game.
 D = Other kills in this place as a percentage of other kills in the entire game.
 E = Experience gained in this place as a percentage of experience gained in the entire game.
 F = Experience gained in this place divided by the number of levels of this place that you have seen.
                   A       B       C       D       E      F
               +-------+-------+-------+-------+-------+----------------------
         Total | 100.0 | 100.0 | 100.0 |   N/A | 100.0 |  65.2
       Dungeon | 100.0 | 100.0 | 100.0 |   N/A | 100.0 |  65.2
               +-------+-------+-------+-------+-------+----------------------

Vault maps used:
D:1:      matt_arrival_spirals
D:2:      first_ration
D:3:      lemuel_doored_altar, overflow_temple_1_default, portal_sewer_entry_a
D:4:      cheibrodos_ashenzari_chains, minmay_temple_entry_enclosed_plants,
          uniq_pikel, uniq_duvessa, uniq_eustachio
